 Dungeon Crawl Stone Soup version 0.17-a0-484-g0e03f6a (webtiles) character file.

95 Kisielow the Twirler (level 4, -2/25 HPs)
             Began as a Gargoyle Gladiator on Apr 11, 2015.
             Killed by divine providence
             ... invoked by an orc priest
              (11 damage)
             ... on level 3 of the Dungeon.
             The game lasted 00:07:35 (2772 turns).

Kisielow the Twirler (Gargoyle Gladiator)           Turns: 2772, Time: 00:07:35

Health: -2/25      AC: 11    Str: 19    XL:     4   Next: 66%
Magic:  4/4        EV: 16    Int:  9    God:
Gold:   123        SH:  0    Dex: 15    Spells: 0 memorised, 3 levels left

rFire  . . .     SeeInvis .     a - +0 quarterstaff
rCold  . . .     Clarity  .     i - +0 scale mail
rNeg   + + .     SustAb   +     (no shield)
rPois  ∞         Gourm    .     (helmet restricted)
rElec  +         Spirit   .     (no cloak)
rCorr  .         Warding  +     x - +0 pair of gloves
rMut   .         Stasis   .     (no boots)
MR     .....                    y - amulet of warding
Stlth  +.........               (no ring)
                                k - ring of sustain abilities

@: agile, not resistant to hostile enchantments, very unstealthy
A: horns 1, blink 1, frail 1, negative energy resistance 1, electricity
resistance, unbreathing, petrification resistance, rot immunity, AC +3
a: Blink


You were on level 3 of the Dungeon.
You were very hungry.

You visited 1 branch of the dungeon, and saw 3 of its levels.

You collected 123 gold pieces.

Inventory:

Hand weapons
 a - a +0 quarterstaff (weapon)
Armour
 c - a +1 helmet
 i - a +0 scale mail (worn)
 x - a +0 pair of gloves (worn)
Jewellery
 k - a ring of sustain abilities (left hand)
 n - an uncursed ring of fire
 y - an amulet of warding (around neck)
Scrolls
 b - 2 scrolls of amnesia
 q - a scroll of blinking
 s - a scroll of remove curse
 w - a scroll of magic mapping
Potions
 j - 4 potions of curing
 l - 2 potions of restore abilities
Comestibles
 f - a bread ration
 p - a slice of pizza
 u - a meat ration


   Skills:
 * Level 3.4 Fighting
 * Level 4.2 Staves
 - Level 2.0 Throwing
 * Level 1.6 Armour
 - Level 2.4 Dodging


You had 3 spell levels left.
You didn't know any spells.

Dungeon Overview and Level Annotations

Branches:
Dungeon (3/15)

Altars:
Cheibriados
Kikubaaqudgha
Makhleb
Vehumet

Annotations:
D:3 mrbaozi's ghost, average MiFi


Innate Abilities, Weirdness & Mutations

You are resistant to torment.
Your stone body is resilient (AC +3).
You are immune to poison.
You resist negative energy.
You are resistant to electric shocks.
You can survive without breathing.
You are immune to petrification.
You are immune to rotting.
You have a pair of small horns on your head.
You can translocate small distances at will.
You are frail (-10% HP).


Message History

You are starting to lose your buoyancy.
Mrbaozi's ghost screams, "I was like you once."
Mrbaozi's ghost whispers, "The ORB doesn't exist."
Found a scroll of identify.
Mrbaozi's ghost whispers, "You will understand me better in a moment."
Found 5 gold pieces.
Mrbaozi's ghost says, "You can hit me, but you can't hurt me."
Use which ability? (? or * to list)
You blink.
You feel slightly more hungry.
An orc and an orc priest come into view.
The orc shouts!
The orc priest shouts!
The orc priest's eyes start to glow.
An adder comes into view.
Use which ability? (? or * to list)
You blink.
You feel slightly more hungry.
Use which ability? (? or * to list)
You fail to use your ability.
You float gracefully downwards.
The orc priest invokes the aid of Beogh against you.
Something smites you!
You die...

#...........##....#
##.............#
#........#.####
...###......# #
#.......###..
#$...........
.##.##.......#....
........§.W.###....
##........@........
..?.........#.....
.........§..# ...
..#.........#
...#..........
....#..$..###..
##....oo#.. #
.##....#. ..
..##....


You could see an orc priest, mrbaozi's ghost and an orc.

Vanquished Creatures
  An adder (D:2)
  4 worms
  A giant gecko (D:2)
  2 oozes (D:2)
  6 orcs
  A giant cockroach (D:2)
  5 goblins
  6 hobgoblins
  3 jackals (D:2)
  2 ball pythons (D:2)
  7 bats
  4 giant newts
  5 kobolds
  5 rats
52 creatures vanquished.

Notes
Turn   | Place    | Note
--------------------------------------------------------------
     0 | D:1      | Kisielow, the Gargoyle Gladiator, began the quest for the Orb.
     0 | D:1      | Reached XP level 1. HP: 12/12 MP: 1/1
   301 | D:1      | Reached XP level 2. HP: 12/18 MP: 2/2
   805 | D:2      | Reached XP level 3. HP: 14/22 MP: 3/3
  1358 | D:2      | Found a radiant altar of Vehumet.
  1365 | D:2      | Found a snail-covered altar of Cheibriados.
  1412 | D:2      | Reached skill level 4 in Staves
  1684 | D:2      | Found an ancient bone altar of Kikubaaqudgha.
  1794 | D:2      | Found a burning altar of Makhleb.
  1794 | D:2      | Noticed a green death
  1797 | D:2      | Noticed a hellwing
  1797 | D:2      | Noticed a ynoxinul
  1810 | D:2      | Reached skill level 1 in Armour
  1810 | D:2      | Reached XP level 4. HP: 26/28 MP: 4/4
  2035 | D:3      | Noticed mrbaozi's ghost (average MiFi)
  2743 | D:2      | Gained mutation: You can translocate small distances at will. [potion of mutation]
  2743 | D:2      | Gained mutation: You are frail (-10% HP). [potion of mutation]
  2743 | D:2      | Gained mutation: You have a pair of small horns on your head. [potion of mutation]
  2772 | D:3      | Killed from afar by an orc priest

Action                   |  1- 3 |  4- 6 || total
-------------------------+-------+-------++-------
Melee: Quarterstaff      |   130 |    73 ||   203
 Abil: Blink             |       |     3 ||     3
  Use: Scroll            |       |    14 ||    14
       Potion            |       |     3 ||     3
  Eat: Chunk             |     3 |     2 ||     5
